 Dungeon Crawl Stone Soup version 0.29.1-1-gd02db6906a (webtiles) character file.

Game seed: 367829029148728869

1773 lonewolfV2 the Chopper (level 8, -4/62 HPs)
             Began as a Demonspawn Berserker on Oct 16, 2022.
             Was a Priest of Trog.
             Slain by Prince Ribbit (6 damage)
             ... on level 6 of the Dungeon.
             The game lasted 00:15:57 (7054 turns).

lonewolfV2 the Chopper (Demonspawn Berserker)       Turns: 7054, Time: 00:15:57

Health: -4/62      AC:  3    Str: 19    XL:     8   Next: 80%
Magic:  8/8        EV: 14    Int: 10    God:    Trog [***...]
Gold:   354        SH:  0    Dex: 20    Spells: 7/7 levels left

rFire   + . .      SeeInvis +   c - +8 battleaxe of Destruction {flame, *Rage Dex+8}
rCold   . . .      Faith    .   (shield currently unavailable)
rNeg    . . .      Spirit   .   b - +1 animal skin
rPois   .          Reflect  .   (no helmet)
rElec   .          Harm     .   (no cloak)
rCorr   .          Rampage  .   (no gloves)
Will    .....      Rage     20% (no boots)
Stlth   +++.......              (no amulet)
HPRegen 0.20/turn               q - ring of protection from fire
MPRegen 0.11/turn               r - ring of see invisible

@: no status effects
A: powered by death 2, weakness stinger 1
a: Renounce Religion, Berserk, Trog's Hand


You were on level 6 of the Dungeon.
You worshipped Trog.
Trog was most pleased with you.
You visited 1 branch of the dungeon, and saw 6 of its levels.

You collected 354 gold pieces.

Inventory:

Hand Weapons
 c - the +8 battleaxe of Destruction (weapon) {flame, *Rage Dex+8}
   (You acquired it on level 1 of the Dungeon)

   It burns those it strikes, dealing additional fire damage.
   Big, fiery blades are also staple armaments of hydra-hunters.
   Dex:       It affects your dexterity (+8).
   *Rage:     It berserks you when you make melee attacks (+20% chance).
 n - the +10 rapier of Calamity {venom, Str+3}
   (You found it on level 4 of the Dungeon)

   It poisons the flesh of those it strikes.
   Str:       It affects your strength (+3).
Armour
 b - a +1 animal skin (worn)
Jewellery
 q - a ring of protection from fire (left hand)
 r - a ring of see invisible (right hand)
Wands
 j - a wand of charming (4)
 m - a wand of iceblast (1)
 p - a wand of polymorph (10)
Scrolls
 e - 4 scrolls of identify
 f - 4 scrolls of teleportation
 l - 2 scrolls of noise {unknown}
 s - a scroll of torment {unknown}
 t - a scroll of summoning
 u - a scroll of fog
 v - a scroll of enchant weapon {unknown}
Potions
 a - a potion of curing {unknown}
 d - a potion of brilliance
 g - a potion of haste
 h - a potion of flight
 i - 2 potions of berserk rage
 k - a potion of degeneration
 o - 2 potions of heal wounds


   Skills:
 + Level 5.2 Fighting
 * Level 4.2 Short Blades
 + Level 6.3(6.8) Axes
 * Level 3.7(5.5) Maces & Flails
 + Level 1.9 Armour
 + Level 4.1 Dodging
 + Level 2.9 Stealth


You had 7 spell levels left.
You didn't know any spells.
Your spell library was empty.

Dungeon Overview and Level Annotations

Branches:
Dungeon (6/15)
 Temple: D:4-7

Altars:

Shops:
D:1 =   D:5 (

Annotations:
D:6 Prince Ribbit


Innate Abilities, Weirdness & Mutations

You regenerate health from kills.
You have a small tail.


Message History

The ice beast is heavily wounded.
The ice beast hits you but does no damage.
You puncture the ice beast!
The ice beast is almost dead.
The ice beast closely misses you.
You closely miss the ice beast.
The ice beast is almost dead.
You kill the ice beast!
Trog accepts your kill.
Your Short Blades skill increases to level 4!
You open the door.
There is an open door here.
Found a stone staircase leading down.
Prince Ribbit comes into view.
Prince Ribbit gives a loud, deep croak!
Prince Ribbit is nearby!
Prince Ribbit is nearby!
Prince Ribbit is nearby!
Found a stone staircase leading up.
You miss Prince Ribbit. Prince Ribbit hits you! x2
You hit Prince Ribbit.
Prince Ribbit is poisoned.
You tail-slap Prince Ribbit, but do no damage.
Prince Ribbit is lightly wounded.
Prince Ribbit hits you!
You closely miss Prince Ribbit.
Prince Ribbit is moderately wounded.
Prince Ribbit blinks!
Found a fuming coppery potion.
Prince Ribbit hits you!
* * * LOW HITPOINT WARNING * * *
Okay, then.
The +10 rapier of Calamity {venom, Str+3} stops dripping with poison.
You feel agile.
The +8 battleaxe of Destruction {flame, *Rage Dex+8} bursts into flame!
c - the +8 battleaxe of Destruction (weapon)
{flame, *Rage Dex+8} Prince Ribbit barely misses you.
Prince Ribbit hits you!
* * * LOW HITPOINT WARNING * * *
You barely miss Prince Ribbit.
Prince Ribbit is moderately wounded.
Prince Ribbit hits you.
You die...

######
#>...# ####
#..#.#....#
#...@....<#
#.##F..#....
#.##...# .
#.##.....
#.####.###
#.# ..
#########'##
##.
.......>...#
!.
..........[#


You could see Prince Ribbit (very poisoned).

Vanquished Creatures
  Pikel (D:5)
  Grinder (D:4)
  2 ice beasts
  A black bear (D:5)
  A lemure (D:5)
  A bullfrog (D:6)
  2 necrophages
  3 scorpions
  A howler monkey (D:5)
  2 hounds
  An orc priest (D:4)
  Ijyb (D:5)
  3 iguanas
  An orc wizard (D:5)
  3 gnolls (D:4)
  8 adders
  2 shadow imps
  3 ufetubi (D:5)
  3 worms (D:2)
  7 orcs
  5 ball pythons
  11 bats
  7 endoplasms
  A giant cockroach (D:2)
  9 goblins
  7 hobgoblins
  4 jackals (D:3)
  3 quokkas
  4 frilled lizards
  3 kobolds
  2 rats
103 creatures vanquished.

Notes
Turn   | Place    | Note
-------+----------+-------------------------------------------
     0 | D:1      | lonewolfV2 the Demonspawn Berserker began the quest for the
                  | Orb.
     0 | D:1      | Reached XP level 1. HP: 18/18 MP: 1/1
    86 | D:1      | Found Daizirghu's Jewellery Shop.
   367 | D:1      | Identified a scroll of acquirement
   367 | D:1      | Acquired the +8 battleaxe of Destruction {flame, *Rage
                  | Dex+8}
   461 | D:1      | Reached skill level 3 in Axes
   461 | D:1      | Gained mutation: You have a small tail. [demonic ancestry]
   461 | D:1      | Reached XP level 2. HP: 22/24 MP: 2/2
  1741 | D:2      | Reached XP level 3. HP: 25/29 MP: 3/3
  1893 | D:2      | Reached ** piety under Trog
  1947 | D:2      | Found a faded altar of an unknown god.
  2800 | D:2      | Reached skill level 1 in Stealth
  3033 | D:2      | Gained mutation: You regenerate a little health from kills.
                  | [demonic ancestry]
  3033 | D:2      | Reached XP level 4. HP: 35/35 MP: 4/4
  3600 | D:3      | Reached skill level 4 in Axes
  3746 | D:4      | Identified the +10 rapier of Calamity {venom, Str+3}
  3877 | D:4      | Reached XP level 5. HP: 15/42 MP: 5/5
  4068 | D:4      | Noticed Grinder
  4087 | D:4      | Paralysed by Grinder for 3 turns
  4106 | D:4      | Paralysed by Grinder for 4 turns
  4111 | D:4      | Killed Grinder
  4112 | D:4      | Reached skill level 1 in Short Blades
  4112 | D:4      | Reached skill level 1 in Maces & Flails
  4112 | D:4      | Gained mutation: You regenerate health from kills. [demonic
                  | ancestry]
  4112 | D:4      | Reached XP level 6. HP: 27/48 MP: 6/6
  4143 | D:4      | Reached skill level 5 in Axes
  4846 | D:4      | Reached XP level 7. HP: 54/54 MP: 7/7
  5194 | D:5      | Entered Level 5 of the Dungeon
  5194 | D:5      | Noticed Pikel
  5202 | D:5      | Killed Pikel
  5203 | D:5      | Reached XP level 8. HP: 43/61 MP: 8/8
  5676 | D:5      | Found Doit's Antique Weapon Emporium.
  5682 | D:5      | Noticed Ijyb
  5689 | D:5      | Killed Ijyb
  5690 | D:5      | Reached skill level 6 in Axes
  6208 | D:5      | Reached skill level 5 in Fighting
  6684 | D:5      | Reached *** piety under Trog
  6823 | D:6      | Identified the +2 war axe of the Forest {vorpal, Stlth+}
  7045 | D:6      | Noticed Prince Ribbit
  7053 | D:6      | HP: 2/62 [Prince Ribbit (17)]
  7054 | D:6      | Slain by Prince Ribbit

Illustrated notes

Levels and vault maps discovered:
D:1:      minmay_arrival_jagged, layout_basic, serial_shops, nicolae_square_shop
D:2:      layout_loops_ring, basic_ecumenical_altar, hex_tiny
D:3:      layout_rooms, mainiacjoe_overflow_brackets
D:4:      layout_rooms, uniq_grinder
D:5:      layout_loops_ring, grunt_ministairs_3, nicolae_take_the_stairs,
          hangedman_decor_clover_reticule, chequers_mini_garden,
          hangedman_decor_riveting, uniq_pikel, uniq_ijyb
D:6:      layout_basic, uniq_prince_ribbit1

Skill      XL: |  1  2  3  4  5  6  7  8 |
---------------+-------------------------+-----
Axes           | 3 4 5 6 |  6.3
Dodging        | 2 3 4 |  4.1
Stealth        | 1 2 |  2.9
Fighting       | 4 5 |  5.2
Short Blades   | 1 2 4 |  4.2
Maces & Flails | 1 2 3 |  3.7
Armour         | |  1.9

Action                   |  1- 3 |  4- 6 |  7- 9 || total
-------------------------+-------+-------+-------++-------
Melee: Hand axe          |    24 |       |       ||    24
       Battleaxe         |    40 |    42 |     7 ||    89
       Tailslap          |     3 |     3 |     7 ||    13
       Rapier            |       |    16 |    76 ||    92
       Punch             |       |       |     1 ||     1
Invok: Trog's Hand       |       |     1 |       ||     1
  Use: Scroll            |     7 |     8 |       ||    15
       Potion            |       |     1 |       ||     1
 Stab: Sleeping          |     5 |     2 |     2 ||     9
       Distracted        |       |     1 |       ||     1
Armor: Animal skin       |    23 |    10 |    13 ||    46
Dodge: Dodged            |    58 |    66 |    48 ||   172
